 Dungeon Crawl Stone Soup version 0.18-a0-1435-gee79d65 (webtiles) character file.

53 bloomaan the Conjurer (level 4, -1/31 HPs)
             Began as a Human Conjurer on Feb 28, 2016.
             Slain by a jackal (2 damage)
             ... on level 3 of the Dungeon.
             The game lasted 00:16:16 (1925 turns).

bloomaan the Conjurer (Human Conjurer)              Turns: 1925, Time: 00:16:16

Health: -1/31      AC:  3    Str:  5 (8)  XL:     4   Next: 10%
Magic:  5/7        EV: 12    Int: 15 (17) God:
Gold:   26         SH:  0    Dex: 12 (13) Spells: 3 memorised, 1 level left

rFire  . . .     SeeInvis .     k - wand of flame (37/48)
rCold  . . .     Gourm    .     a - +0 robe
rNeg   . . .     Faith    .     (no shield)
rPois  .         Spirit   .     (no helmet)
rElec  .         Dismiss  .     g - +0 cloak (curse)
rCorr  .         Reflect  .     (no gloves)
SustAt .         Harm     .     (no boots)
MR     .....                    (no amulet)
Stlth  ++........               (no ring)
                                f - +5 ring of slaying

@: about to teleport, not resistant to hostile enchantments, unstealthy
A: no striking features
a: no special abilities


You were on level 3 of the Dungeon.
You were not hungry.

You visited 1 branch of the dungeon, and saw 3 of its levels.

You collected 26 gold pieces.

Inventory:

Armour
 a - a +0 robe (worn)
 g - a cursed +0 cloak (worn)
Jewellery
 f - a +5 ring of slaying (left hand)
Wands
 k - a wand of flame (37/48) (in hand)
Scrolls
 e - a scroll of magic mapping {unknown}
Potions
 d - a potion of cancellation {unknown}
 h - a potion of magic {unknown}
 i - a potion of curing {unknown}
Books
 b - a book of Conjurations

   Spells                             Type                      Level
   a - Magic Dart                     Conjuration                  1
   b - Searing Ray                    Conjuration                  2
   c - Dazzling Spray                 Conjuration/Hexes            3
   d - Fulminant Prism                Conjuration/Hexes            4
   e - Iskenderun's Mystic Blast      Conjuration                  4
   f - Iskenderun's Battlesphere      Conjuration/Charms           5
Comestibles
 c - a bread ration
 l - a beef jerky


   Skills:
 + Level 0.6 Fighting
 + Level 2.7 Dodging
 + Level 2.0 Stealth
 + Level 0.4 Unarmed Combat
 + Level 2.1 Spellcasting
 + Level 4.6 Conjurations


You had one spell level left.
You knew the following spells:

 Your Spells              Type           Power        Failure   Level  Hunger
a - Magic Dart            Conj           ###.         3%          1    #......
b - Searing Ray           Conj           ###...       6%          2    ###....
c - Dazzling Spray        Conj/Hex       #.......     30%         3    ###....


Dungeon Overview and Level Annotations

Branches:
Dungeon (3/15)

Altars:
Okawaru
Yredelemnul


Message History

Aiming: Magic Dart
Press: ? - help, Shift-Dir - straight line, f - rat
Aim: a rat The magic dart hits the rat.
You kill the rat!
You hear some strange, mumbled words.
A magic dart appears from out of thin air!
The magic dart hits you!
* * * LOW HITPOINT WARNING * * *
As you read the scroll of teleportation, it crumbles to dust.
You feel strangely unstable.
You hear some strange, mumbled words.
A magic dart appears from out of thin air!
The magic dart hits you!
* * * LOW HITPOINT WARNING * * *
You hear some strange, mumbled words.
Something tries to affect you, but you resist.
Something hits you but does no damage. Something hits you but does no damage.
The jackal bites you.
You die...

......#.######
o.....#.#
o.o.(...#
o.....#.#
o.....#.## .....
#.†####...
##o####.........
........h######
#.####.@.# #####


You could see an orc (wandering) and a jackal.

Vanquished Creatures
  2 adders
  2 dart slugs
  A giant cockroach (D:1)
  2 hobgoblins
  8 jackals
  A quokka (D:3)
  3 ball pythons
  2 bats
  A giant newt (D:1)
  2 kobolds
  7 rats
31 creatures vanquished.

Notes
Turn   | Place    | Note
--------------------------------------------------------------
     0 | D:1      | bloomaan the Human Conjurer began the quest for the Orb.
     0 | D:1      | Reached XP level 1. HP: 13/13 MP: 3/3
   413 | D:1      | Reached XP level 2. HP: 19/19 MP: 1/5
   417 | D:1      | Learned a level 2 spell: Searing Ray
  1004 | D:1      | Reached XP level 3. HP: 8/24 MP: 1/6
  1307 | D:2      | Learned a level 3 spell: Dazzling Spray
  1320 | D:2      | Found a basalt altar of Yredelemnul.
  1606 | D:3      | Reached XP level 4. HP: 22/30 MP: 0/7
  1892 | D:3      | Found an iron altar of Okawaru.
  1922 | D:3      | HP: 1/31 [something/magic dart (5)]
  1925 | D:3      | Slain by a jackal

Vault maps used:
D:1:      lightli_arrival_boilingwater
D:2:      kennysheep_ying_yang, minmay_bisected, uniq_robin, uniq_sigmund,
          uniq_jessica
D:3:      old_standard_altar, ashenzari_conservatory_becter,
          lemuel_blue_sif_altar

Action                   |  1- 3 |  4- 6 || total
-------------------------+-------+-------++-------
Melee: Unarmed           |    51 |       ||    51
 Cast: Magic Dart        |    49 |     8 ||    57
       Searing Ray       |     4 |       ||     4
       Dazzling Spray    |     1 |       ||     1
  Use: Scroll            |     1 |     1 ||     2
       Potion            |     1 |       ||     1
  Eat: Bread ration      |     1 |       ||     1
